 Dungeon Crawl Stone Soup version 0.30.1-11-g7821555f0a (webtiles) character file.

Game seed: 2018770787261590774

44 MortyMaxwell the Magician (level 3, -2/26 HPs)
             Began as a Djinni Fire Elementalist on Dec 18, 2023.
             Slain by a gnoll
             ... wielding a +0 whip
              (3 damage)
             ... on level 3 of the Dungeon.
             The game lasted 00:04:12 (779 turns).

MortyMaxwell the Magician (Djinni Fire Elementalist) Turns: 779, Time: 00:04:13

Health: -2/26      AC:  2    Str:  9    XL:     3   Next: 85%
Gold:   38         EV: 12    Int: 22    God:
                   SH:  0    Dex: 13

rFire   + + .        c - +2 dagger (venom)
rCold   x . .        (no shield)
rNeg    . . .        a - +0 robe
rPois   ∞            (no helmet)
rElec   .            (no cloak)
rCorr   .            (no gloves)
SInv    .            (boots unavailable)
Will    .....        (no amulet)
Stlth   ++           b - +6 ring of intelligence
HPRegen 0.24/turn    (no ring)
MPRegen 0.00/turn

%: infuse magic (-3 HP)
@: brilliant, attractive, flying
A: sickness immunity, fire resistance 2, cold vulnerability 1, float, innate
caster, HP casting, extra vitality 1
a: no special abilities


You were on level 3 of the Dungeon.
You visited 1 branch of the dungeon, and saw 3 of its levels.

You collected 38 gold pieces.

Inventory:

Hand Weapons
 c - a +2 dagger of venom (weapon)
Missiles
 d - 5 boomerangs (quivered)
 g - 2 atropa-tipped darts
Armour
 a - a +0 robe (worn)
Jewellery
 b - a +6 ring of intelligence (left hand)
Scrolls
 f - a scroll of magic mapping
Potions
 e - a potion of haste


   Skills:
 * Level 0.5 Fighting
 * Level 0.4 Short Blades
 * Level 0.3 Throwing
 * Level 0.5 Armour
 * Level 2.5 Dodging
 * Level 1.7 Stealth
 * Level 3.0 Spellcasting


You knew the following spells:

 Your Spells              Type           Power      Damage    Failure   Level
a - Foxfire               Conj/Fire      100%       2x1d9     3%          1
b - Scorch                Fire           50%        2d7       5%          2
c - Volatile Blastmotes   Fire/Tloc      50%        2d14      11%         3
d - Inner Flame           Hex/Fire       25%        N/A       11%         3
e - Flame Wave            Conj/Fire      25%        2d8       34%         4
f - Summon Small Mammal   Summ           100%       N/A       3%          1
Your spell library was empty.

Dungeon Overview and Level Annotations

Branches:
Dungeon (3/15)

Altars:

Shops:
D:1 (


Innate Abilities, Weirdness & Mutations

You are immune to sickness and miasma.
You are immune to poison.
Your flesh is very heat resistant. (rF++)
You are vulnerable to cold. (rC-)
You float through the air rather than walking.
You learn spells naturally, not from books.
Your magical power is your life essence.
You have superior vitality. (+4 MHP)


Message History

The endoplasm barely misses you.
A goblin comes into view. It is wielding a +0 club.
The goblin is attracted toward you. The endoplasm attacks as you move away!
The endoplasm completely misses you. The goblin is attracted toward you.
Okay, then.
You hit the goblin.
The goblin is poisoned.
The goblin is heavily wounded.
The endoplasm hits you but does no damage.
The goblin closely misses you.
You completely miss the goblin.
The goblin is severely wounded.
The endoplasm completely misses you. The goblin hits you but does no damage.
You hit the goblin.
You kill the goblin!
The endoplasm hits you but does no damage.
The endoplasm barely misses you.
Things that are here:
a +0 club; a goblin corpse
Okay, then.
The endoplasm attacks as you move away! The endoplasm barely misses you.
The endoplasm attacks as you move away! The endoplasm barely misses you.
The endoplasm attacks as you move away! The endoplasm hits you.
* * * LOW HITPOINT WARNING * * *
The gnoll is attracted toward you. The endoplasm attacks as you move away!
The endoplasm hits you.
* * * LOW HITPOINT WARNING * * *
The gnoll is attracted toward you. The endoplasm is attracted toward you.
You barely miss the gnoll.
The gnoll is heavily wounded.
The gnoll barely misses you.
You barely miss the gnoll.
The gnoll is heavily wounded.
The gnoll hits you with a +0 whip.
* * * LOW HITPOINT WARNING * * *
Okay, then.
The gnoll attacks as you move away! The gnoll closely misses you.
The gnoll attacks as you move away! The gnoll hits you with a +0 whip.
You die...

....#.####.#####..
.####.##.)...#
......##.#.#)#
.#######g#§#.# #.#
##.#.#.## .#
#.......###### .#
#..#.#..##... .##
##
#.......##.##.....
#.##...gJg@...# #.
####g##.#..# #.
#.##.# .... #.
..##.. ..##
.####### ## #. #


You could see 3 gnolls and an endoplasm.

Vanquished Creatures
  A gnoll (D:3)
  An adder (D:2)
  2 ball pythons (D:1)
  3 endoplasms
  A giant cockroach (D:2)
  4 goblins
  A hobgoblin (D:2)
  2 jackals (D:2)
  A kobold (D:1)
  A frilled lizard (D:1)
  6 rats
23 creatures vanquished.

Vanquished Creatures (others)
  11 foxfires
11 creatures vanquished.

Grand Total: 34 creatures vanquished

Notes
Turn   | Place    | Note
-------+----------+-------------------------------------------
     0 | D:1      | MortyMaxwell the Djinni Fire Elementalist began the quest
                  | for the Orb.
     0 | D:1      | MortyMaxwell set off with the following spells memorised:
                  | Foxfire, Scorch, Volatile Blastmotes, Inner Flame, Flame
                  | Wave.
     0 | D:1      | Reached XP level 1. HP: 15/15 MP: 0/0
   134 | D:1      | Reached XP level 2. HP: 15/21 MP: 0/0
   188 | D:1      | Found Elio's Weapon Emporium.
   346 | D:2      | Reached XP level 3. HP: 14/26 MP: 0/0
   346 | D:2      | Learned a level 1 spell: Summon Small Mammal
   758 | D:3      | Reached skill level 3 in Spellcasting
   777 | D:3      | HP: 1/26 [gnoll/+0 whip (4)]
   779 | D:3      | Slain by a gnoll

Illustrated notes

Levels and vault maps discovered:
D:1:      co_arrival_random_square_maze, layout_basic, serial_shops, shop
D:2:      layout_basic, st_stairs_9, minmay_joined_circles
D:3:      layout_loops_cross

Skill      XL: |  1  2  3 |
---------------+----------+-----
Spellcasting   | 3 |  3.0
Fighting       | |  0.5
Short Blades   | |  0.4
Throwing       | |  0.3
Armour         | |  0.5
Dodging        | |  2.5
Stealth        | |  1.7

Action                     || total
---------------------------++-------
  Melee: Dagger            ||    13
  Throw: Boomerang         ||     9
   Cast: Foxfire           ||     7
         Scorch            ||    11
         Inner Flame       ||     1
    Use: Scroll            ||     3
         Potion            ||     2
   Stab: Sleeping          ||     1
 Armour: Robe              ||     6
  Dodge: Dodged            ||    24
